 Dungeon Crawl Stone Soup version 0.30.1-11-g7821555f0a (webtiles) character file.

Game seed: 7432670790508236000

207 Glitchless the Cudgeller (level 5, 0/33 HPs)
             Began as a Gargoyle Berserker on Dec 9, 2023.
             Was a Believer of Trog.
             Slain by Sigmund
             ... wielding a +2 scythe of venom
              (10 damage)
             ... on level 3 of the Dungeon.
             The game lasted 00:03:41 (1703 turns).

Glitchless the Cudgeller (Gargoyle Berserker)       Turns: 1703, Time: 00:03:42

Health: 0/33       AC:  7    Str: 22    XL:     5   Next: 85%
Magic:  5/5        EV: 11    Int:  8    God:    Trog [**....]
Gold:   92         SH:  0    Dex:  9    Spells: 4/4 levels left

rFire   . . .        a - +0 mace
rCold   . . .        (no shield)
rNeg    + . .        c - +0 leather armour
rPois   ∞            (no helmet)
rElec   +            (no cloak)
rCorr   .            (no gloves)
SInv    .            (no boots)
Will    .....        (no amulet)
Stlth   +            (no ring)
HPRegen 0.25/turn    (no ring)
MPRegen 0.09/turn

%: no passive effects
@: on berserk cooldown, slowed, very slow
A: sickness immunity, AC +4, negative energy resistance 1, electricity
resistance, torment resistance 1, petrification resistance
a: Renounce Religion, Berserk, Trog's Hand


You were on level 3 of the Dungeon.
You worshipped Trog.
Trog was pleased with you.
You visited 1 branch of the dungeon, and saw 3 of its levels.

You collected 92 gold pieces.

Inventory:

Hand Weapons
 a - a +0 mace (weapon)
Armour
 c - a +0 leather armour (worn)
Jewellery
 h - a +6 ring of dexterity
Wands
 j - a wand of roots (10)
Potions
 b - a potion of attraction {unknown}
 d - 2 potions of curing {unknown}
 e - a potion of berserk rage {unknown}
 f - a potion of might {unknown}
 g - a potion of haste {unknown}
 i - a potion of heal wounds {unknown}
 m - a potion of lignification {unknown}
 o - a potion of flight {unknown}


   Skills:
 * Level 4.1 Fighting
 * Level 1.3(3.0) Axes
 * Level 4.6(4.8) Maces & Flails
 * Level 3.1 Armour
 * Level 2.3 Dodging


You had 4 spell levels left.
You didn't know any spells.
Your spell library was empty.

Dungeon Overview and Level Annotations

Branches:
Dungeon (3/15)

Altars:

Annotations:
D:3 Sigmund


Innate Abilities, Weirdness & Mutations

You are immune to sickness and miasma.
Your stone body is resilient. (AC +4)
You are immune to poison.
You resist negative energy. (rN+)
You are resistant to electric shocks. (rElec)
You are resistant to unholy torment.
You are immune to petrification.


Message History

You see here an adder corpse.
You sock Sigmund!
Sigmund is heavily wounded.
You closely miss Sigmund.
Sigmund is heavily wounded.
Sigmund hits you but does no damage.
You barely miss Sigmund.
Sigmund is heavily wounded.
You barely miss Sigmund.
Sigmund is heavily wounded.
Sigmund misses you.
You closely miss Sigmund. Your punch misses Sigmund.
Sigmund is heavily wounded.
You are no longer berserk.
You are exhausted.
You feel yourself slow down.
You closely miss Sigmund.
Sigmund is heavily wounded.
You feel the effects of Trog's Hand fading.
Sigmund casts a spell.
Sigmund flickers and vanishes!
Deactivating autopickup; reactivate with Ctrl-A.
Something hits you.
You barely miss something. Something hits you!
You barely miss something. Something hits you.
You barely miss something.
Your skin stops crawling.
You feel less strong-willed. Something hits you but does no damage.
You closely miss something.
Something hits you but does no damage. x2
You hit something.
You hear some strange, mumbled words.
You are confused.
You hit something. Something hits you!
You bump into the rock wall.
Something hits you but does no damage.
You closely miss something. Something hits you.
You bump into the rock wall.
You feel less confused. Something hits you.
You miss something. Something hits you!
You die...

##..... .......
....... .......
.@..... .......##
#..# ##{# #@#
#.######## #........#
########.# #
###########.###.####
)...................
############.##......
#.## ##.. #..#####.#


There were no monsters in sight!

Vanquished Creatures
  An ogre (D:3)
  Terence (D:2)
  Natasha (D:2)
  3 adders
  2 worms
  4 endoplasms
  3 giant cockroaches
  A hobgoblin (D:1)
  2 quokkas
  3 ball pythons (D:1)
  2 bats (D:1)
  A frilled lizard (D:2)
  4 goblins
  7 kobolds
  8 rats
43 creatures vanquished.

Notes
Turn   | Place    | Note
-------+----------+-------------------------------------------
     0 | D:1      | Glitchless the Gargoyle Berserker began the quest for the
                  | Orb.
     0 | D:1      | Reached XP level 1. HP: 14/14 MP: 1/1
   158 | D:1      | Reached XP level 2. HP: 19/19 MP: 2/2
   506 | D:1      | Reached ** piety under Trog
   705 | D:2      | Reached XP level 3. HP: 11/23 MP: 3/3
   892 | D:2      | Noticed Terence
   903 | D:2      | Killed Terence
   904 | D:2      | Reached XP level 4. HP: 17/29 MP: 4/4
  1019 | D:2      | Noticed Natasha
  1025 | D:2      | Killed Natasha
  1026 | D:2      | Reached skill level 1 in Axes
  1501 | D:3      | Noticed an ogre
  1506 | D:3      | Killed an ogre
  1507 | D:3      | Reached XP level 5. HP: 30/33 MP: 5/5
  1672 | D:3      | Noticed Sigmund
  1703 | D:3      | Slain by Sigmund

Illustrated notes

Levels and vault maps discovered:
D:1:      dpeg_arrival_pits, layout_basic, serial_bayou, serial_bayou_pond_d,
          serial_bayou_pond_e, serial_bayou_crossing, serial_bayou_ford_a,
          serial_bayou_pond_d, serial_bayou_shore_a
D:2:      layout_loops_cross, uniq_natasha, uniq_terence
D:3:      layout_basic, overflow_temple_1_default, grunt_gozag_breadcrumbs,
          nicolae_overflow_quartered_altars,
          dreamdust_ecumenical_altar_angels_and_demons, uniq_sigmund

Skill      XL: |  1  2  3  4 |
---------------+-------------+-----
Dodging        | 2 |  2.3
Axes           | 1 |  1.3
Maces & Flails | 4 |  4.6
Fighting       | 4 |  4.1
Armour         | 3 |  3.1

Action                     |  1- 3 |  4- 6 || total
---------------------------+-------+-------++-------
  Melee: Mace              |   116 |    65 ||   181
 Invoke: Berserk           |     1 |     2 ||     3
         Trog's Hand       |     1 |     1 ||     2
    Use: Scroll            |       |     6 ||     6
 Armour: Animal skin       |     8 |       ||     8
         Leather armour    |    40 |    22 ||    62
  Dodge: Dodged            |    70 |    28 ||    98
